 Dungeon Crawl Stone Soup version 0.32-a0-909-gc671339a80 (webtiles) character file.

Game seed: 10612795904703601344

74 GiantSquids the Chopper (level 4, -4/38 HPs)
             Began as a Mountain Dwarf Fighter on Apr 6, 2024.
             Slain by Sigmund
             ... wielding a +1 scythe of flaming
              (6 damage)
             ... on level 2 of the Dungeon.
             The game lasted 00:01:29 (873 turns).

GiantSquids the Chopper (Mountain Dwarf Fighter)     Turns: 873, Time: 00:01:29

Health: -4/38      AC:  9    Str: 20    XL:     4   Next: 10%
Magic:  4/4        EV:  8    Int:  9    God:
Gold:   87         SH:  4    Dex:  9    Spells: 3/3 levels left

rFire   . . .        a - +0 war axe
rCold   . . .        c - +0 buckler
rNeg    . . .        b - +0 scale mail
rPois   .            (no helmet)
rElec   .            (no cloak)
rCorr   .            h - +1 pair of gloves
SInv    .            (no boots)
Will    .....        (no amulet) Stlth
                     (no ring)
HPRegen 0.26/turn    (no ring)
MPRegen 0.09/turn

%: no passive effects
@: mighty
A: runic magic, artefact enchanting
a: no special abilities


You were on level 2 of the Dungeon.
You visited 1 branch of the dungeon, and saw 2 of its levels.

You collected 87 gold pieces.

Inventory:

Hand Weapons
 a - a +0 war axe (weapon)
Armour
 b - a +0 scale mail (worn)
 c - a +0 buckler (worn)
 h - a +1 pair of gloves (worn)
Scrolls
 e - a scroll of enchant weapon {unknown}
 f - a scroll of acquirement {unknown}
 g - a scroll of fog {unknown}
 i - 2 scrolls of identify {unknown}
Potions
 j - a potion of mutation {unknown}
 k - a potion of degeneration {unknown}


   Skills:
 - Level 3.2 Fighting
 + Level 5.3 Axes
 - Level 3.2 Armour
 - Level 3.2 Shields


You had 3 spell levels left.
You didn't know any spells.
Your spell library was empty.

Dungeon Overview and Level Annotations

Branches:
Dungeon (2/15)

Altars:
Zin

Annotations:
D:2 Sigmund


Innate Abilities, Weirdness & Mutations

Your spellcasting is much less encumbered by armour.
You can use scrolls of enchantment on lesser artefacts.


Message History

The ribbon worm expels a string of sticky webbing.
The stream of webbing hits you but does no damage.
You are caught in a web!
You feel very mighty all of a sudden. The rat bites you but does no damage.
Sigmund hits you but does no damage.
The web tears apart.
The rat bites you. The ribbon worm barely misses you.
You miss Sigmund. You slash the ribbon worm! You closely miss the rat.
The rat barely misses you. Sigmund barely misses you.
A kobold comes into view.
It is wielding a +0 dagger and wearing the +1 leather armour of Calculation {rElec rPois Int-4 Dex+4}.
The ribbon worm bites you but does no damage.
You closely miss the ribbon worm.
The ribbon worm is heavily wounded.
You closely miss Sigmund. You miss the kobold. You closely miss the rat.
The kobold shouts!
The kobold closely misses you. The rat barely misses you.
The kobold throws a stone.
The stone hits you but does no damage. Sigmund barely misses you.
The kobold hits you with a +0 whip.
The kobold throws a stone.
The stone hits you but does no damage. The rat bites you.
The ribbon worm bites you but does no damage.
You miss the kobold. You closely miss Sigmund. You barely miss the ribbon worm.
You slash the rat!
You kill the rat!
The kobold hits you with a +0 whip. Sigmund closely misses you.
The ribbon worm expels a string of sticky webbing.
The stream of webbing hits you but does no damage.
You are caught in a web!
The web tears apart.
You feel less confused. The kobold hits you but does no damage.
You barely miss Sigmund. You slash the ribbon worm! You barely miss the kobold.
You block Sigmund's attack. The ribbon worm bites you.
The kobold hits you with a +0 whip. The ribbon worm bites you.
You barely miss Sigmund. You barely miss the ribbon worm. You hit the kobold.
You kill the kobold!
Sigmund hits you with a +1 scythe of flaming!
* * * LOW HITPOINT WARNING * * *
Sigmund burns you.
You die...
Sigmund begins carving another notch in his scythe.

#######
#..?#.###
#.......#..
#.#.)......
#..@[..>...
#.@w....#..
#..#....# .
#...
..K....
.!.##
##.....
###. .....
## #.#..
.#.#


You could see Sigmund, a ribbon worm (catching breath) and a kobold.

Vanquished Creatures
  2 adders (D:2)
  3 gnolls (D:2)
  2 endoplasms (D:1)
  A goblin (D:1)
  3 hobgoblins
  3 jackals (D:1)
  3 kobolds
  A quokka (D:1)
  2 ball pythons (D:1)
  A ball python zombie (D:2)
  4 bats
  2 frilled lizards
  3 rats
30 creatures vanquished.

Notes
Turn   | Place    | Note
-------+----------+-------------------------------------------
     0 | D:1      | GiantSquids the Mountain Dwarf Fighter began the quest for
                  | the Orb.
     0 | D:1      | Reached XP level 1. HP: 19/19 MP: 1/1
    49 | D:1      | Reached skill level 3 in Axes
    65 | D:1      | Reached XP level 2. HP: 7/26 MP: 2/2
   208 | D:1      | Found a faded altar of an unknown god.
   452 | D:1      | Reached skill level 4 in Axes
   514 | D:2      | Found a glowing silver altar of Zin.
   663 | D:2      | Reached XP level 3. HP: 28/31 MP: 3/3
   720 | D:2      | Reached skill level 5 in Axes
   862 | D:2      | Reached XP level 4. HP: 38/38 MP: 4/4
   862 | D:2      | Noticed Sigmund
   868 | D:2      | Identified the +1 leather armour of Calculation {rElec
                  | rPois Int-4 Dex+4}
   873 | D:2      | Slain by Sigmund

Illustrated notes

Levels and vault maps discovered:
D:1:      scummos_arrival_simple_fountains, layout_rooms,
          ebering_ecumenical_altar_petrified, minmay_misc_feat_plants,
          chequers_serial_rivers_micro_d, minmay_liquid_box
D:2:      layout_loops_ring, basic_altar, serial_undead, serial_undead_e,
          serial_undead_f, serial_undead_f, serial_undead_b, serial_shops,
          nicolae_shop_pleasant_corner_grove, uniq_sigmund

Skill      XL: |  1  2  3 |
---------------+----------+-----
Axes           | 3 4 5 |  5.3
Fighting       | |  3.2
Armour         | |  3.2
Shields        | |  3.2

Action                     |  1- 3 |  4- 6 || total
---------------------------+-------+-------++-------
  Melee: War axe           |    81 |     6 ||    87
    Use: Potion            |       |     1 ||     1
 Armour: Scale mail        |   104 |    17 ||   121
  Dodge: Dodged            |    44 |     7 ||    51
  Block: Buckler           |    23 |     1 ||    24

Table legend: (Time is in decaauts)
 A = Elapsed time spent in this place.
 B = Non-inter-level travel time spent in this place.
 C = Inter-level travel time spent in this place.
 D = Time resting spent in this place.
 E = Time spent auto-exploring this place.
 F = Levels seen in this place.
 G = Mean time per level.
                   A        B        C        D        E       F      G
               +--------+--------+--------+--------+--------+-----+--------+
         Total |    902 |    897 |      5 |      0 |    686 |   2 |  451.0 |
       Dungeon |    902 |    897 |      5 |      0 |    686 |   2 |  451.0 |
               +--------+--------+--------+--------+--------+-----+--------+

Top non-repeatable levels by time:
     D:1: 530 daAuts
     D:2: 371 daAuts
